TOP OF THE 1ST |
Jersey City Tritons batting - Pitching for Athletic Club KC Reserves : RHP Jimmy Whittier
|
Pitching: RHP Jimmy Whittier
|
|
Batting: RHB Vincent Vega
|
0-0: Foul Ball, location: 2F 0-1: SINGLE (Groundball, 34S) (infield hit)
|
Batting: RHB Jorge Rodríguez
|
0-0: Ball 1-0: Ball 2-0: Grounds into double play, 6-4-3 (Groundball, 6)
|
Batting: RHB Mike Greene
|
0-0: Called Strike 0-1: Ball 1-1: Foul Ball, location: 2F 1-2: Strikes out swinging
|
Top of the 1st over - 0 run(s), 1 hit(s), 0 error(s), 0 left on base; Jersey City 0 - Athletic Club KC 0 |
BOTTOM OF THE 1ST |
Athletic Club KC Reserves batting - Pitching for Jersey City Tritons : LHP Francisco Chávez
|
Pitching: LHP Francisco Chávez
|
|
Batting: RHB Filip Huigen
|
0-0: Called Strike 0-1: Ball 1-1: Foul Ball, location: 2F 1-2: Foul Ball, location: 2F 1-2: Ball 2-2: Foul Ball, location: 2F 2-2: Fly out, F8 (Line Drive, 89M)
|
Batting: RHB Chris Teague
|
0-0: Ball 1-0: Foul Ball, location: 2F 1-1: Called Strike 1-2: Ball 2-2: Ball 3-2: Base on Balls
|
Batting: RHB Richard Younger
|
0-0: Called Strike 0-1: Fly out, F4 (Popup, 4)
|
Batting: LHB Chris Hill
|
0-0: Ball 1-0: Ball 2-0: Fielders Choice at 2nd, 4-6 (Groundball, 34)
|
Bottom of the 1st over - 0 run(s), 0 hit(s), 0 error(s), 0 left on base; Jersey City 0 - Athletic Club KC 0 |
TOP OF THE 2ND |
Jersey City Tritons batting - Pitching for Athletic Club KC Reserves : RHP Jimmy Whittier
|
Batting: RHB Ju-chan Pak
|
0-0: Ball 1-0: Called Strike 1-1: Ball 2-1: SINGLE (Flyball, 8RS)
|
Batting: SHB Ludovic Michel
|
0-0: Ball 1-0: Ball 2-0: Foul Ball, location: 2F 2-1: Swinging Strike 2-2: Ball 3-2: Base on Balls Ju-chan Pak to second
|
Batting: RHB Miguel Cruz
|
0-0: Ball 1-0: Called Strike 1-1: Ball 2-1: Grounds into double play, 6-4-3 (Groundball, 6) Ju-chan Pak to third
|
Batting: RHB Salvador Pineda
|
0-0: Ball 1-0: 2-RUN HOME RUN (Flyball, 78XD), Distance : 389 ft
|
Batting: RHB Júlio Vargas
|
0-0: Called Strike 0-1: Ball 1-1: Swinging Strike 1-2: Ball 2-2: Ball 3-2: Foul Ball, location: 2F 3-2: Strikes out swinging
|
Top of the 2nd over - 2 run(s), 2 hit(s), 0 error(s), 0 left on base; Jersey City 2 - Athletic Club KC 0 |
BOTTOM OF THE 2ND |
Athletic Club KC Reserves batting - Pitching for Jersey City Tritons : LHP Francisco Chávez
|
Batting: RHB Iván Chacón
|
0-0: Called Strike 0-1: Ball 1-1: Ball 2-1: Called Strike 2-2: Fly out, F9 (Line Drive, 89D)
|
Batting: RHB Geoff Rivers
|
0-0: Ball 1-0: Ball 2-0: Fly out, F8 (Flyball, 8RM)
|
Batting: LHB Ben Fleming
|
0-0: Ball 1-0: Ball 2-0: Ball 3-0: Base on Balls
|
Batting: LHB Enrique Miranda
|
0-0: Ball 1-0: Ball 2-0: Ball 3-0: Foul Ball, location: 2F 3-1: Foul Ball, location: 2F 3-2: Base on Balls Ben Fleming to second
|
Batting: RHB Pedro Solís
|
0-0: Ball 1-0: Ball 2-0: Foul Ball, location: 2F 2-1: Foul Ball, location: 2F 2-2: Strikes out swinging
|
Bottom of the 2nd over - 0 run(s), 0 hit(s), 0 error(s), 2 left on base; Jersey City 2 - Athletic Club KC 0 |
TOP OF THE 3RD |
Jersey City Tritons batting - Pitching for Athletic Club KC Reserves : RHP Jimmy Whittier
|
Batting: RHB Rudko Hrnjak
|
0-0: Ball 1-0: Ball 2-0: Ground out 5-3 (Groundball, 56S)
|
Batting: RHB Vincent Vega
|
0-0: Ball 1-0: Foul Ball, location: 2F 1-1: Ball 2-1: Swinging Strike 2-2: Strikes out looking
|
Batting: RHB Jorge Rodríguez
|
0-0: Called Strike 0-1: Fly out, F7 (Flyball, 7LM)
|
Top of the 3rd over - 0 run(s), 0 hit(s), 0 error(s), 0 left on base; Jersey City 2 - Athletic Club KC 0 |
BOTTOM OF THE 3RD |
Athletic Club KC Reserves batting - Pitching for Jersey City Tritons : LHP Francisco Chávez
|
Batting: RHB Filip Huigen
|
0-0: Ball 1-0: SOLO HOME RUN (Flyball, 7D), Distance : 346 ft
|
Batting: RHB Chris Teague
|
0-0: Called Strike 0-1: Ball 1-1: Swinging Strike 1-2: Ball 2-2: Strikes out swinging
|
Batting: RHB Richard Younger
|
0-0: Foul Ball, location: 2F 0-1: Foul Ball, location: 2F 0-2: Hit by Pitch
|
Batting: LHB Chris Hill
|
0-0: Ball Richard Younger steals 2nd base 1-0: Ground out 6-3 (Groundball, 6) Richard Younger to third
|
Batting: RHB Iván Chacón
|
0-0: Ball 1-0: Ball 2-0: Ball 3-0: Called Strike 3-1: Swinging Strike 3-2: Base on Balls
|
Batting: RHB Geoff Rivers
|
0-0: Ball 1-0: Ball 2-0: Ball 3-0: Fly out, F6 (Popup, 6MD)
|
Bottom of the 3rd over - 1 run(s), 1 hit(s), 0 error(s), 2 left on base; Jersey City 2 - Athletic Club KC 1 |
TOP OF THE 4TH |
Jersey City Tritons batting - Pitching for Athletic Club KC Reserves : RHP Jimmy Whittier
|
Batting: RHB Mike Greene
|
0-0: Called Strike 0-1: Ball 1-1: Foul Ball, location: 2F 1-2: Strikes out swinging
|
Batting: RHB Ju-chan Pak
|
0-0: Ball 1-0: Swinging Strike 1-1: Ball 2-1: SINGLE (Groundball, 56D)
|
Batting: SHB Ludovic Michel
|
0-0: Swinging Strike 0-1: Called Strike 0-2: Ball 1-2: Ball 2-2: Foul Ball, location: 2F 2-2: Ball 3-2: Strikes out swinging
|
Batting: RHB Miguel Cruz
|
0-0: Ball 1-0: SINGLE (Flyball, 78S) Ju-chan Pak to second
|
Batting: RHB Salvador Pineda
|
0-0: SINGLE (Flyball, 6MD) Ju-chan Pak to third Miguel Cruz to second
|
Batting: RHB Júlio Vargas
|
0-0: Ball 1-0: Ball 2-0: Called Strike 2-1: Ball 3-1: Base on Balls Ju-chan Pak scores Miguel Cruz to third Salvador Pineda to second
|
Batting: RHB Rudko Hrnjak
|
0-0: Fielders Choice at 2nd, U4 (Groundball, 4M)
|
Top of the 4th over - 1 run(s), 3 hit(s), 0 error(s), 3 left on base; Jersey City 3 - Athletic Club KC 1 |
BOTTOM OF THE 4TH |
Athletic Club KC Reserves batting - Pitching for Jersey City Tritons : LHP Francisco Chávez
|
Batting: LHB Ben Fleming
|
0-0: Ball 1-0: SINGLE (Line Drive, 8RS)
|
Batting: LHB Enrique Miranda
|
0-0: Ball 1-0: Foul Ball, location: 2F 1-1: Swinging Strike 1-2: Foul Ball, location: 2F 1-2: Strikes out swinging
|
Batting: RHB Pedro Solís
|
0-0: Called Strike 0-1: Ball 1-1: Ball Wild Pitch! Ben Fleming to second 2-1: Ball 3-1: Reached on error, E6 (Groundball, 6) Ben Fleming to third
|
Batting: RHB Filip Huigen
|
0-0: Fielders Choice at 2nd, 4-6 (Groundball, 4) Ben Fleming scores
|
Batting: RHB Chris Teague
|
0-0: Ball 1-0: Ball 2-0: Called Strike 2-1: Called Strike 2-2: Ball 3-2: SINGLE (Groundball, 6MD) Filip Huigen to second Filip Huigen to third
|
Batting: RHB Richard Younger
|
0-0: Called Strike 0-1: Foul Ball, location: 2F 0-2: Ball 1-2: Strikes out swinging
|
Bottom of the 4th over - 1 run(s), 2 hit(s), 1 error(s), 2 left on base; Jersey City 3 - Athletic Club KC 2 |
TOP OF THE 5TH |
Jersey City Tritons batting - Pitching for Athletic Club KC Reserves : RHP Jimmy Whittier
|
Batting: RHB Vincent Vega
|
0-0: Ball 1-0: Called Strike 1-1: Ball 2-1: Ball 3-1: Base on Balls
|
Batting: RHB Jorge Rodríguez
|
0-0: Bunted foul 0-1: Sac Bunt - play at first, batter OUT! 1-4 Vincent Vega to second
|
Batting: RHB Mike Greene
|
0-0: Called Strike 0-1: Fly out, F8 (Flyball, 8LD) Runner from 2nd tags up, SAFE at 3rd, no throw
|
Batting: RHB Ju-chan Pak
|
0-0: Ball 1-0: Swinging Strike 1-1: Ground out 5-3 (Groundball, 5L)
|
Top of the 5th over - 0 run(s), 0 hit(s), 0 error(s), 1 left on base; Jersey City 3 - Athletic Club KC 2 |
BOTTOM OF THE 5TH |
Athletic Club KC Reserves batting - Pitching for Jersey City Tritons : LHP Francisco Chávez
|
Batting: LHB Chris Hill
|
0-0: SOLO HOME RUN (Flyball, 89XD), Distance : 380 ft
|
Batting: RHB Iván Chacón
|
0-0: Fly out, F9 (Flyball, 9S)
|
Batting: RHB Geoff Rivers
|
0-0: Called Strike 0-1: Fly out, F8 (Flyball, 8RS)
|
Batting: LHB Ben Fleming
|
0-0: Ground out 5-3 (Groundball, 56S)
|
Bottom of the 5th over - 1 run(s), 1 hit(s), 0 error(s), 0 left on base; Jersey City 3 - Athletic Club KC 3 |
TOP OF THE 6TH |
Jersey City Tritons batting - Pitching for Athletic Club KC Reserves : RHP Jimmy Whittier
|
Batting: SHB Ludovic Michel
|
0-0: Called Strike 0-1: Foul Ball, location: 2F 0-2: Foul Ball, location: 2F 0-2: Ball 1-2: Ball 2-2: Foul Ball, location: 2F 2-2: Ground out 6-3 (Groundball, 56D)
|
Batting: RHB Miguel Cruz
|
0-0: Ball 1-0: Foul Ball, location: 2F 1-1: SINGLE (Line Drive, 56D)
|
Pitching: RHP Dempster Kelly
|
|
Batting: RHB Salvador Pineda
|
0-0: Called Strike 0-1: SINGLE (Groundball, 56D) Miguel Cruz to second
|
Batting: RHB Júlio Vargas
|
0-0: Ball 1-0: Grounds into double play, 6-4-3 (Groundball, 6)
|
Top of the 6th over - 0 run(s), 2 hit(s), 0 error(s), 1 left on base; Jersey City 3 - Athletic Club KC 3 |
BOTTOM OF THE 6TH |
Athletic Club KC Reserves batting - Pitching for Jersey City Tritons : LHP Francisco Chávez
|
Batting: LHB Enrique Miranda
|
0-0: Called Strike 0-1: SINGLE (Groundball, 3D)
|
Batting: RHB Pedro Solís
|
0-0: Ball 1-0: Fly out, F7 (Flyball, 78S)
|
Pitching: RHP Ricardo Rodríguez
|
|
Batting: RHB Filip Huigen
|
0-0: Ball 1-0: Called Strike 1-1: Foul Ball, location: 2F 1-2: Foul Ball, location: 2F 1-2: Ball 2-2: Foul Ball, location: 2F 2-2: Ball 3-2: Strikes out swinging
|
Batting: RHB Chris Teague
|
0-0: Ball 1-0: Called Strike 1-1: Foul Ball, location: 2F 1-2: Ball Enrique Miranda steals 2nd base 2-2: Strikes out looking
|
Bottom of the 6th over - 0 run(s), 1 hit(s), 0 error(s), 1 left on base; Jersey City 3 - Athletic Club KC 3 |
TOP OF THE 7TH |
Jersey City Tritons batting - Pitching for Athletic Club KC Reserves : RHP Dempster Kelly
|
Pinch Hitting: LHB Wayne Akers
|
0-0: Called Strike 0-1: Foul Ball, location: 2F 0-2: Ball 1-2: Ground out 3-1 (Groundball, 34D)
|
Batting: RHB Vincent Vega
|
0-0: Called Strike 0-1: Ball 1-1: Ball 2-1: Fly out, F3 (Line Drive, 34)
|
Batting: RHB Jorge Rodríguez
|
0-0: Ball 1-0: Ball 2-0: Ball 3-0: Base on Balls
|
Pinch Hitting: LHB Marlon Randall
|
0-0: Ball 1-0: Fielders Choice at 2nd, 4-6 (Groundball, 34)
|
Top of the 7th over - 0 run(s), 0 hit(s), 0 error(s), 0 left on base; Jersey City 3 - Athletic Club KC 3 |
BOTTOM OF THE 7TH |
Athletic Club KC Reserves batting - Pitching for Jersey City Tritons : RHP Ricardo Rodríguez
|
Now in CF: Eduardo Torres
|
|
Now in RF: Wayne Akers
|
|
Batting: RHB Richard Younger
|
0-0: Called Strike 0-1: Called Strike 0-2: Ball 1-2: Ball 2-2: Foul Ball, location: 2F 2-2: Foul Ball, location: 2F 2-2: Ground out 6-3 (Groundball, 6M)
|
Batting: LHB Chris Hill
|
0-0: Ball 1-0: Swinging Strike 1-1: Fly out, F6 (Flyball, 56D)
|
Pinch Hitting: LHB Miguel Martínez
|
0-0: Ball 1-0: Ball 2-0: Ball 3-0: Base on Balls
|
Pinch Hitting: LHB Michael Landry
|
0-0: Ball 1-0: Ball 2-0: Swinging Strike 2-1: Swinging Strike 2-2: Strikes out swinging
|
Bottom of the 7th over - 0 run(s), 0 hit(s), 0 error(s), 1 left on base; Jersey City 3 - Athletic Club KC 3 |
TOP OF THE 8TH |
Jersey City Tritons batting - Pitching for Athletic Club KC Reserves : RHP Dempster Kelly
|
Now at 3B: Domingo Gutiérrez
|
|
Now in RF: Michael Landry
|
|
Batting: RHB Ju-chan Pak
|
0-0: Called Strike 0-1: Called Strike 0-2: Foul Ball, location: 2F 0-2: Strikes out swinging
|
Batting: SHB Ludovic Michel
|
0-0: Foul Ball, location: 2F 0-1: Ball 1-1: Ball 2-1: Fly out, F7 (Flyball, 7S)
|
Batting: RHB Miguel Cruz
|
0-0: Called Strike 0-1: Foul Ball, location: 2F 0-2: Ball 1-2: Ground out 6-3 (Groundball, 6)
|
Top of the 8th over - 0 run(s), 0 hit(s), 0 error(s), 0 left on base; Jersey City 3 - Athletic Club KC 3 |
BOTTOM OF THE 8TH |
Athletic Club KC Reserves batting - Pitching for Jersey City Tritons : RHP Ricardo Rodríguez
|
Batting: LHB Ben Fleming
|
0-0: Ball 1-0: Called Strike 1-1: Swinging Strike 1-2: Ball 2-2: Ball 3-2: Foul Ball, location: 2F 3-2: Foul Ball, location: 2F 3-2: Base on Balls
|
Pitching: RHP Brantford Winstworth III
|
|
Batting: LHB Enrique Miranda
|
0-0: Ball 1-0: Ball 2-0: Bunt missed! 2-1: Bunt missed! 2-2: Ball 3-2: Foul Ball, location: 2F 3-2: Foul Ball, location: 2F 3-2: Fly out, F8 (Line Drive, 8LM)
|
Batting: RHB Pedro Solís
|
0-0: Called Strike 0-1: Ball 1-1: Ball 2-1: Foul Ball, location: 2F 2-2: Fly out, F7 (Flyball, 7S)
|
Batting: RHB Filip Huigen
|
0-0: Called Strike 0-1: Ball 1-1: Called Strike 1-2: Strikes out swinging
|
Bottom of the 8th over - 0 run(s), 0 hit(s), 0 error(s), 1 left on base; Jersey City 3 - Athletic Club KC 3 |
TOP OF THE 9TH |
Jersey City Tritons batting - Pitching for Athletic Club KC Reserves : RHP Dempster Kelly
|
Pitching: RHP Ángel Rivera
|
|
Batting: RHB Salvador Pineda
|
0-0: Called Strike 0-1: Ground out 5-3 (Groundball, 5)
|
Pinch Hitting: SHB Dominique Prost
|
0-0: Ball 1-0: Called Strike 1-1: Ground out U3 (Groundball, 3)
|
Batting: LHB Wayne Akers
|
0-0: Ball 1-0: Foul Ball, location: 2F 1-1: Ball 2-1: Ball 3-1: Base on Balls
|
Batting: RHB Vincent Vega
|
0-0: Ball 1-0: Foul Ball, location: 2F 1-1: Foul Ball, location: 2F 1-2: Strikes out looking
|
Top of the 9th over - 0 run(s), 0 hit(s), 0 error(s), 1 left on base; Jersey City 3 - Athletic Club KC 3 |
BOTTOM OF THE 9TH |
Athletic Club KC Reserves batting - Pitching for Jersey City Tritons : RHP Brantford Winstworth III
|
Now at 2B: Bryan Wilson
|
|
Batting: RHB Chris Teague
|
0-0: Swinging Strike 0-1: Foul Ball, location: 2F 0-2: Foul Ball, location: 2F 0-2: Ground out 6-3 (Groundball, 6)
|
Batting: RHB Richard Younger
|
0-0: Ball 1-0: Ball 2-0: Called Strike 2-1: Called Strike 2-2: Ball 3-2: Strikes out swinging
|
Batting: LHB Chris Hill
|
0-0: Ball 1-0: Called Strike 1-1: Foul Ball, location: 2F 1-2: Strikes out swinging
|
Bottom of the 9th over - 0 run(s), 0 hit(s), 0 error(s), 0 left on base; Jersey City 3 - Athletic Club KC 3 |
TOP OF THE 10TH |
Jersey City Tritons batting - Pitching for Athletic Club KC Reserves : RHP Ángel Rivera
|
Batting: RHB Jorge Rodríguez
|
0-0: Foul Ball, location: 2F 0-1: Ball 1-1: Fly out, F7 (Flyball, 78M)
|
Batting: RHB Eduardo Torres
|
0-0: Ball 1-0: Ball 2-0: Swinging Strike 2-1: Ball 3-1: Called Strike 3-2: Strikes out swinging
|
Batting: RHB Ju-chan Pak
|
0-0: Ball 1-0: Ground out 1-3 (Groundball, P)
|
Top of the 10th over - 0 run(s), 0 hit(s), 0 error(s), 0 left on base; Jersey City 3 - Athletic Club KC 3 |
BOTTOM OF THE 10TH |
Athletic Club KC Reserves batting - Pitching for Jersey City Tritons : RHP Brantford Winstworth III
|
Pinch Hitting: RHB Mike Lovell
|
0-0: Fly out, F7 (Flyball, 7S)
|
Batting: LHB Michael Landry
|
0-0: Ball 1-0: Reached via error on a dropped throw, E1
|
Batting: LHB Ben Fleming
|
0-0: Ball 1-0: Called Strike 1-1: Ball 2-1: Fly out, F4 (Line Drive, 4M)
|
Now at 2B: Gabriel Guerrero
|
|
Batting: LHB Enrique Miranda
|
0-0: Called Strike 0-1: Foul Ball, location: 2F 0-2: Fly out, F8 (Flyball, 8LS)
|
Bottom of the 10th over - 0 run(s), 0 hit(s), 1 error(s), 1 left on base; Jersey City 3 - Athletic Club KC 3 |
TOP OF THE 11TH |
Jersey City Tritons batting - Pitching for Athletic Club KC Reserves : RHP Ángel Rivera
|
Pitching: RHP Alfonso Álvarez
|
|
Now at 3B: Mike Lovell
|
|
Batting: SHB Ludovic Michel
|
0-0: Called Strike 0-1: Ball 1-1: Ball 2-1: SINGLE (Line Drive, 7LS)
|
Batting: RHB Miguel Cruz
|
0-0: Bunted foul 0-1: Bunt missed! 0-2: Ball 1-2: Fly out, F7 (Flyball, 7)
|
Batting: RHB Salvador Pineda
|
0-0: Grounds into double play, 5-4-3 (Groundball, 56)
|
Top of the 11th over - 0 run(s), 1 hit(s), 0 error(s), 0 left on base; Jersey City 3 - Athletic Club KC 3 |
BOTTOM OF THE 11TH |
Athletic Club KC Reserves batting - Pitching for Jersey City Tritons : RHP Brantford Winstworth III
|
Batting: RHB Pedro Solís
|
0-0: Swinging Strike 0-1: Ball 1-1: Ball 2-1: Ground out 6-3 (Groundball, 6)
|
Batting: RHB Filip Huigen
|
0-0: Ground out 6-3 (Groundball, 6MS)
|
Batting: RHB Chris Teague
|
0-0: Ball 1-0: Called Strike 1-1: Ball 2-1: Foul Ball, location: 2F 2-2: Ground out 5-3 (Groundball, 56)
|
Bottom of the 11th over - 0 run(s), 0 hit(s), 0 error(s), 0 left on base; Jersey City 3 - Athletic Club KC 3 |
TOP OF THE 12TH |
Jersey City Tritons batting - Pitching for Athletic Club KC Reserves : RHP Alfonso Álvarez
|
Batting: RHB Gabriel Guerrero
|
0-0: Hit by Pitch
|
Batting: LHB Wayne Akers
|
0-0: Bunted foul 0-1: Ball Gabriel Guerrero steals 2nd base 1-1: Intentional Walk
|
Batting: RHB Vincent Vega
|
0-0: Ball 1-0: Ball 2-0: Called Strike 2-1: Ball 3-1: Base on Balls Gabriel Guerrero to third Wayne Akers to second
|
Batting: RHB Jorge Rodríguez
|
0-0: Ball 1-0: Ball 2-0: Grounds into double play, 3-2-3 (Groundball, 34) Wayne Akers to third Vincent Vega to second
|
Batting: RHB Eduardo Torres
|
0-0: Ball 1-0: Called Strike 1-1: SINGLE (Groundball, 6MD) Wayne Akers scores Vincent Vega to third Runner from 3rd tries for Home, SAFE, no throw
|
Batting: RHB Ju-chan Pak
|
0-0: Ball 1-0: Ball 2-0: Ball 3-0: Called Strike 3-1: Fly out, F8 (Flyball, 8RD)
|
Top of the 12th over - 2 run(s), 1 hit(s), 0 error(s), 1 left on base; Jersey City 5 - Athletic Club KC 3 |
BOTTOM OF THE 12TH |
Athletic Club KC Reserves batting - Pitching for Jersey City Tritons : RHP Brantford Winstworth III
|
Pitching: RHP António Rúbio
|
|
Batting: RHB Richard Younger
|
0-0: SINGLE (Flyball, 8LS)
|
Batting: LHB Chris Hill
|
0-0: Ball 1-0: SINGLE (Line Drive, 8LM) Richard Younger to second
|
Batting: RHB Mike Lovell
|
0-0: Called Strike 0-1: Ball 1-1: Swinging Strike 1-2: SINGLE (Flyball, 78S) Richard Younger to third Chris Hill to second Runner from 3rd tries for Home, SAFE, no throw
|
Batting: LHB Michael Landry
|
0-0: Sac Bunt - play at first, batter OUT! 1-4 Chris Hill to third Mike Lovell to second
|
Batting: LHB Ben Fleming
|
0-0: Ball 1-0: Swinging Strike 1-1: Ball 2-1: Swinging Strike 2-2: Ball 3-2: Foul Ball, location: 2F 3-2: Strikes out swinging
|
Batting: LHB Enrique Miranda
|
0-0: Foul Ball, location: 2F 0-1: Ball 1-1: Ball 2-1: Ground out 5-3 (Groundball, 56S)
|
Bottom of the 12th over - 1 run(s), 3 hit(s), 0 error(s), 2 left on base; Jersey City 5 - Athletic Club KC 4 |
|